 Dungeon Crawl Stone Soup version 0.26.1-11-gd32895ea62 (webtiles) character file.

Game seed: 3965871063942285688

6843 jlumianski the Magician (level 11, -2/84 HPs)
             Began as a Gnoll Warper on Apr 19, 2021.
             Was a Priest of Sif Muna.
             Slain by a manticore (10 damage)
             ... on level 11 of the Dungeon on Apr 29, 2021.
             The game lasted 01:03:53 (13057 turns).

jlumianski the Magician (Gnoll Warper)             Turns: 13057, Time: 01:03:53

Health: -2/84      AC:  8    Str: 14    XL:     11   Next: 6%
Magic:  22/22      EV: 16    Int: 24    God:    Sif Muna [***...]
Gold:   686        SH:  0    Dex: 15    Spells: 17/25 levels left

rFire    + + +     SeeInvis .   y - +8 whip of Lies {venom, rPois}
rCold    . . .     Faith    .   (no shield)
rNeg     . . .     Spirit   .   b - +0 leather armour
rPois    +         Reflect  .   (no helmet)
rElec    .         Harm     .   P - +0 cloak
rCorr    .         Rampage  .   W - +2 pair of gloves
Will     +....                  I - +0 pair of boots
Stlth    +++.......             f - amulet of the acrobat
HPRegen  0.24/turn              p - +6 ring of intelligence
MPRegen  0.18/turn              Q - ring of willpower

@: no status effects
A: distributed training, fangs 1, deformed body, fire resistance 3, strong nose
a: Renounce Religion, Channel Magic, Forget Spell


You were on level 11 of the Dungeon.
You worshipped Sif Muna.
Sif Muna was most pleased with you.
You visited 2 branches of the dungeon, and saw 12 of its levels.

You collected 751 gold pieces.
You spent 65 gold pieces at shops.

Inventory:

Hand Weapons
 y - the +8 whip of Lies (weapon) {venom, rPois}
   (You found it on level 5 of the Dungeon)

   It poisons the flesh of those it strikes.
   It protects you from poison.
Missiles
 e - 5 boomerangs of dispersal
 g - 5 javelins (quivered)
 E - 16 boomerangs
 H - 30 poisoned darts
Armour
 b - a +0 leather armour (worn)
 l - the cursed +0 leather armour of Fegaimal {rElec rPois rN+ Int+2}
   (You took it off a gnoll shaman on level 10 of the Dungeon)

   It affects your intelligence (+2).
   It insulates you from electricity.
   It protects you from poison.
   It protects you from negative energy.
   It has a curse placed upon it.
 I - a +0 pair of boots (worn)
 P - a +0 cloak (worn)
 W - a +2 pair of gloves (worn)
Jewellery
 a - an uncursed amulet of magic regeneration
 f - an amulet of the acrobat (around neck)
 j - an uncursed amulet of reflection
 p - a +6 ring of intelligence (left hand)
 Q - a ring of willpower (right hand)
Wands
 c - a wand of enslavement (4)
 R - a wand of iceblast (9)
 S - a wand of acid (14)
 U - a wand of disintegration (16)
 V - a wand of paralysis (13)
 X - a wand of digging (3)
Scrolls
 d - 3 scrolls of blinking
 i - 3 scrolls of teleportation
 k - 3 scrolls of fog
 m - 2 scrolls of immolation
 o - 4 scrolls of remove curse
 r - 4 scrolls of identify
 t - 6 scrolls of magic mapping
Potions
 n - a potion of resistance
 v - 4 potions of attraction
 w - a potion of might
 x - 2 potions of haste
 z - a potion of brilliance
 B - 3 potions of heal wounds
 D - 2 potions of curing
 F - a potion of lignification
 G - a potion of cancellation
Miscellaneous
 h - a phial of floods


   Skills:
 + Level 7.5 Fighting
 + Level 5.9 Short Blades
 + Level 5.9 Long Blades
 + Level 7.5 Axes
 + Level 5.9 Maces & Flails
 + Level 5.9 Polearms
 + Level 5.9 Staves
 + Level 5.9 Slings
 + Level 5.9 Bows
 + Level 5.9 Crossbows
 + Level 6.5 Throwing
 + Level 6.5 Armour
 + Level 7.5 Dodging
 + Level 5.9 Stealth
 + Level 5.9 Shields
 + Level 5.9 Unarmed Combat
 + Level 7.8 Spellcasting
 + Level 4.9 Conjurations
 + Level 4.9 Hexes
 + Level 4.9 Summonings
 + Level 4.9 Necromancy
 + Level 7.4 Translocations
 + Level 4.9 Transmutations
 + Level 4.9 Fire Magic
 + Level 4.9 Ice Magic
 + Level 4.9 Air Magic
 + Level 4.9 Earth Magic
 + Level 4.9 Poison Magic
 + Level 6.5 Invocations
 + Level 5.9 Evocations


You had 17 spell levels left.
You knew the following spells:

 Your Spells              Type           Power        Failure   Level
a - Blink                 Tloc           N/A          1%          2
b - Gell's Gravitas       Tloc           22%          1%          3
c - Teleport Other        Tloc           45%          1%          3

Your spell library contained the following spells:

 Spells                   Type           Power        Failure   Level
 Shock                    Conj/Air       100%         1%          1
 Swiftness                Air            33%          1%          2
 Lesser Beckoning         Tloc           22%          1%          3
 Static Discharge         Conj/Air       33%          3%          3
 Passage of Golubria      Tloc           N/A          3%          4
 Airstrike                Air            16%          11%         4
 Lightning Bolt           Conj/Air       16%          30%         5


Dungeon Overview and Level Annotations

Branches:
Dungeon (11/15)            Temple (1/1) D:5            Lair (0/6) D:10
    Orc: D:9-12

Altars:
Ashenzari
Cheibriados
Dithmenos
Elyvilon
Fedhas
Gozag
Hepliaklqana
Kikubaaqudgha
Makhleb
Nemelex Xobeh
Okawaru
Qazlal
Ru
Sif Muna
Trog
Uskayaw
Vehumet
Wu Jian
Xom
Yredelemnul
Zin
The Shining One

Shops:
D:10 *


Innate Abilities, Weirdness & Mutations

Your experience applies equally to all skills.
You have very sharp teeth.
Your uncanny sense of smell can sniff out nearby items.
Armour fits poorly on your strangely shaped body.
Your flesh is almost immune to the effects of heat. (rF+++)


Message History

The manticore is severely wounded.
The manticore bites you!
* * * LOW HITPOINT WARNING * * *
The manticore closely misses you. The manticore claws you.
* * * LOW HITPOINT WARNING * * *
You whack the manticore!
The manticore looks as sick as possible!
You bite the manticore, but do no damage.
The manticore is severely wounded.
The manticore barely misses you. The manticore claws you.
* * * LOW HITPOINT WARNING * * *
The manticore completely misses you.
You hit the manticore.
The manticore looks as sick as possible!
You bite the manticore, but do no damage.
The manticore is almost dead.
You hit the manticore.
The manticore is almost dead.
The manticore bites you!
You die...

......#.#.##....#......
......
#.##......#......
......
##........#...... ##.##
####.#########.# #...#
##.......##.#.#.#
.....#
#..#####..#!#...#
#...##.##∆∆∆##.#...###
#...#(#∆∆∆∆∆#.#(#....
#.H@.#∆∆ ∆ #.....###
#...#.#∆∆∆∆ #.##.##
#...##.# ∆ #.#.##
.$...# #.. ..#. #...#
##.. ^.##. ##.# ### ###
# ... ..


You could see a manticore (extremely poisoned).

Vanquished Creatures
  A centaur warrior (D:10)
  Pikel (D:5)
  A cyclops (D:11)
  A wraith (D:7)
  11 yaks
  An orc warrior (D:7)
  An ice beast (D:10)
  A sky beast (D:9)
  An eye of draining (D:10)
  2 phantoms
  5 ogres
  6 centaurs
  A lemure (D:5)
  A big kobold (D:9)
  6 bullfrogs
  A wyvern skeleton (D:11)
  5 killer bees
  A vampire bat (D:7)
  A howler monkey (D:9)
  2 bullfrog zombies
  4 jellies
  A bullfrog skeleton (D:5)
  2 centaur skeletons (D:4)
  2 gnoll shamans
  2 orc priests
  6 hounds
  7 orc wizards
  3 iguanas
  11 worker ants
  10 gnolls
  10 adders
  3 shadow imps
  2 white imps
  An ufetubus (D:9)
  An adder skeleton (D:9)
  A dart slug (D:1)
  3 leopard geckos
  23 orcs
  5 giant cockroaches
  4 goblins
  10 hobgoblins
  6 jackals
  3 quokkas
  20 bats
  12 kobolds
  A leopard gecko zombie (D:6)
  14 rats
217 creatures vanquished.

Vanquished Creatures (others)
  7 plants (D:10)
7 creatures vanquished.

Grand Total: 224 creatures vanquished

Notes
Turn   | Place    | Note
-------+----------+-------------------------------------------
     0 | D:1      | jlumianski the Gnoll Warper began the quest for the Orb.
     0 | D:1      | Reached XP level 1. HP: 20/20 MP: 6/6
   106 | D:1      | Reached XP level 2. HP: 25/26 MP: 7/7
   118 | D:1      | Learned a level 2 spell: Blink
   396 | D:2      | Reached XP level 3. HP: 27/31 MP: 9/9
   457 | D:2      | Reached skill level 5 in Spellcasting
   542 | D:2      | Reached skill level 1 in Invocations
   892 | D:1      | Learned a level 3 spell: Gell's Gravitas
   896 | D:1      | Learned a level 3 spell: Teleport Other
  1017 | D:1      | Reached skill level 1 in Short Blades
  1017 | D:1      | Reached skill level 1 in Long Blades
  1017 | D:1      | Reached skill level 1 in Maces & Flails
  1017 | D:1      | Reached skill level 1 in Polearms
  1017 | D:1      | Reached skill level 1 in Staves
  1017 | D:1      | Reached skill level 1 in Slings
  1017 | D:1      | Reached skill level 1 in Bows
  1017 | D:1      | Reached skill level 1 in Crossbows
  1017 | D:1      | Reached skill level 1 in Stealth
  1017 | D:1      | Reached skill level 1 in Shields
  1017 | D:1      | Reached skill level 1 in Unarmed Combat
  1017 | D:1      | Reached skill level 1 in Evocations
  1347 | D:1      | Reached XP level 4. HP: 35/38 MP: 11/11
  1821 | D:2      | Found a faded altar of an unknown god.
  1821 | D:2      | Found a bloodstained altar of Trog.
  1829 | D:2      | Found an opulent altar of Gozag.
  1832 | D:2      | Found a faded altar of an unknown god.
  1834 | D:2      | Found a sacrificial altar of Ru.
  1879 | D:2      | Found an iron altar of Okawaru.
  2086 | D:3      | Noticed a moth of wrath
  2088 | D:3      | Found a bloodstained altar of Trog.
  2092 | D:3      | Reached skill level 1 in Conjurations
  2092 | D:3      | Reached skill level 1 in Hexes
  2092 | D:3      | Reached skill level 1 in Summonings
  2092 | D:3      | Reached skill level 1 in Necromancy
  2092 | D:3      | Reached skill level 1 in Transmutations
  2092 | D:3      | Reached skill level 1 in Fire Magic
  2092 | D:3      | Reached skill level 1 in Ice Magic
  2092 | D:3      | Reached skill level 1 in Air Magic
  2092 | D:3      | Reached skill level 1 in Earth Magic
  2092 | D:3      | Reached skill level 1 in Poison Magic
  2452 | D:3      | Reached XP level 5. HP: 27/43 MP: 12/12
  3353 | D:4      | Found a sacrificial altar of Ru.
  3674 | D:4      | Reached XP level 6. HP: 18/50 MP: 10/13
  4002 | D:4      | Reached skill level 5 in Fighting
  4002 | D:4      | Reached skill level 5 in Axes
  4002 | D:4      | Reached skill level 5 in Dodging
  4167 | D:4      | Found a broken altar of Ashenzari.
  4167 | D:4      | Found a shadowy altar of Dithmenos.
  4467 | D:5      | Entered Level 5 of the Dungeon
  4522 | D:4      | Reached XP level 7. HP: 28/56 MP: 15/15
  4777 | D:4      | You fall into a shaft and drop 1 floor!
  4814 | D:5      | Got a steaming whip
  4815 | D:5      | Identified the +8 whip of Lies {venom, rPois} (You found it
                  | on level 5 of the Dungeon)
  5009 | D:5      | Noticed Pikel
  5019 | D:5      | Killed Pikel
  5020 | D:5      | Reached XP level 8. HP: 27/63 MP: 16/16
  5274 | D:5      | Found a staircase to the Ecumenical Temple.
  5279 | Temple   | Entered the Ecumenical Temple
  5317 | Temple   | Became a worshipper of Sif Muna the Loreminder
  6857 | D:6      | Found a shimmering altar of Xom.
  6857 | D:6      | Found a snail-covered altar of Cheibriados.
  7158 | D:6      | Reached XP level 9. HP: 59/69 MP: 14/18
  7373 | D:7      | Reached * piety under Sif Muna
  8338 | D:7      | Reached skill level 5 in Throwing
  8338 | D:7      | Reached skill level 5 in Armour
  9298 | D:8      | Found a radiant altar of Vehumet.
  9730 | D:9      | Gained mutation: Your flesh is heat resistant. (rF+)
                  | [potion of mutation]
  9730 | D:9      | Gained mutation: Your flesh is very heat resistant. (rF++)
                  | [potion of mutation]
  9730 | D:9      | Gained mutation: Armour fits poorly on your strangely
                  | shaped body. [potion of mutation]
  9730 | D:9      | Gained mutation: Your flesh is almost immune to the effects
                  | of heat. (rF+++) [potion of mutation]
  9831 | D:9      | Reached skill level 5 in Invocations
 10158 | D:10     | Entered Level 10 of the Dungeon
 10219 | D:9      | Reached XP level 10. HP: 77/77 MP: 16/20
 10810 | D:10     | Reached ** piety under Sif Muna
 10871 | D:10     | Found a staircase to the Lair.
 11068 | D:10     | Reached skill level 5 in Short Blades
 11068 | D:10     | Reached skill level 5 in Long Blades
 11068 | D:10     | Reached skill level 5 in Maces & Flails
 11068 | D:10     | Reached skill level 5 in Polearms
 11068 | D:10     | Reached skill level 5 in Staves
 11068 | D:10     | Reached skill level 5 in Slings
 11068 | D:10     | Reached skill level 5 in Bows
 11068 | D:10     | Reached skill level 5 in Crossbows
 11068 | D:10     | Reached skill level 5 in Stealth
 11068 | D:10     | Reached skill level 5 in Shields
 11068 | D:10     | Reached skill level 5 in Unarmed Combat
 11068 | D:10     | Reached skill level 5 in Evocations
 11688 | D:10     | Noticed a centaur warrior
 11697 | D:10     | Killed a centaur warrior
 11728 | D:10     | Identified the cursed +0 leather armour of Fegaimal {rElec
                  | rPois rN+ Int+2}
 11841 | D:10     | Found Ukhlaget's General Store.
 11849 | D:10     | Bought a potion of heal wounds for 65 gold pieces
 12566 | D:11     | Noticed a cyclops
 12581 | D:11     | Killed a cyclops
 12599 | D:11     | Reached XP level 11. HP: 56/84 MP: 22/22
 12635 | D:11     | HP: 2/84 [bullfrog zombie (4)]
 12672 | D:10     | Reached *** piety under Sif Muna
 13045 | D:11     | Noticed a manticore
 13057 | D:11     | Slain by a manticore

Illustrated notes

Levels and vault maps discovered:
D:1:      dpeg_arrival_pond, layout_loops_cross, kennysheep_doodads,
          minmay_pentomino_v4
D:2:      layout_basic, overflow_temple_1_default,
          chequers_temple_overflow_minitemple
D:3:      layout_loops_cross, tgw_trog
D:4:      layout_gridville, gammafunk_temple_overflow_pools, minmay_misc_feat_x,
          grunt_decor_mini_mirrors, nicolae_ru_awakened_eye
D:5:      layout_basic, minmay_temple_entry_steel_oval, uniq_pikel
D:6:      layout_basic, gammafunk_temple_overflow_elements,
          minmay_stone_trees_small
D:7:      layout_basic, chequers_serial_rivers_small_3, roderic_batcave
D:8:      layout_cave_pools, vehumet_altar_wand_db
D:9:      layout_cave_pods
D:10:     kennysheep_blocky_room, layout_long_grid, dpeg_oklobed_lair,
          serial_shops, shop, nicolae_twisting_strands
D:11:     minmay_the_grid_net [minmay_the_grid_expand, minmay_the_grid_armoury,
          minmay_the_grid_rooms, minmay_the_grid_outer_diamond,
          minmay_the_grid_mess, minmay_the_grid_prize_inner_circle],
          layout_cave_pools, hiddenorc1_lemuel, minmay_statues_item,
          fungi_pond_lemuel, hangedman_decor_lopped
Temple:   nicolae_temple_god_jail

Skill      XL: |  1  2  3  4  5  6  7  8  9 10 |
---------------+-------------------------------+-----
Spellcasting   | 5 6 7 |  7.8
Invocations    | 1 2 3 4 5 6 |  6.5
Short Blades   | 1 2 3 4 5 |  5.9
Long Blades    | 1 2 3 4 5 |  5.9
Maces & Flails | 1 2 3 4 5 |  5.9
Polearms       | 1 2 3 4 5 |  5.9
Staves         | 1 2 3 4 5 |  5.9
Slings         | 1 2 3 4 5 |  5.9
Bows           | 1 2 3 4 5 |  5.9
Crossbows      | 1 2 3 4 5 |  5.9
Stealth        | 1 2 3 4 5 |  5.9
Shields        | 1 2 3 4 5 |  5.9
Unarmed Combat | 1 2 3 4 5 |  5.9
Evocations     | 1 2 3 4 5 |  5.9
Conjurations   | 1 2 3 4 |  4.9
Hexes          | 1 2 3 4 |  4.9
Summonings     | 1 2 3 4 |  4.9
Necromancy     | 1 2 3 4 |  4.9
Transmutations | 1 2 3 4 |  4.9
Fire Magic     | 1 2 3 4 |  4.9
Ice Magic      | 1 2 3 4 |  4.9
Air Magic      | 1 2 3 4 |  4.9
Earth Magic    | 1 2 3 4 |  4.9
Poison Magic   | 1 2 3 4 |  4.9
Throwing       | 3 4 5 6 |  6.5
Armour         | 3 4 5 6 |  6.5
Fighting       | 5 6 7 |  7.5
Axes           | 5 6 7 |  7.5
Dodging        | 5 6 7 |  7.5
Translocations | 6 7 |  7.4

Action                   |  1- 3 |  4- 6 |  7- 9 | 10-12 || total
-------------------------+-------+-------+-------+-------++-------
Melee: Hand axe          |   129 |   133 |       |       ||   262
       Bite              |    10 |    10 |    33 |    37 ||    90
       Punch             |     1 |     1 |     3 |     7 ||    12
       War axe           |       |    24 |     5 |       ||    29
       Whip              |       |       |   240 |   239 ||   479
Throw: Javelin           |     1 |     9 |    11 |     3 ||    24
 Cast: Gell's Gravitas   |       |     4 |     9 |     5 ||    18
       Blink             |       |     4 |     2 |     4 ||    10
Evoke: Wand              |       |       |       |     4 ||     4
  Use: Scroll            |     2 |     2 |     4 |    10 ||    18
       Potion            |     1 |     2 |     4 |     7 ||    14
 Stab: Sleeping          |       |     2 |     4 |     4 ||    10
Armor: Leather armour    |    37 |    29 |    28 |    57 ||   151
Dodge: Dodged            |   148 |   149 |   211 |   219 ||   727
